 Dungeon Crawl Stone Soup version 0.24.0-123-gd5b16e6ec5 (webtiles) character file.

Game seed: 16824494067123005380, levelgen mode: deterministic

5671 FishyPogo the Blocker (level 10, -5/82 HPs)
             Began as a Gnoll Fighter on Jan 5, 2020.
             Was an Elder of Okawaru.
             Slain by a troll (6 damage)
             ... on level 9 of the Dungeon.
             The game lasted 00:18:12 (6161 turns).

FishyPogo the Blocker (Gnoll Fighter)               Turns: 6161, Time: 00:18:12

Health: -5/82      AC: 13    Str: 21    XL:     10   Next: 75%
Magic:  18/18      EV: 12    Int: 10    God:    Okawaru [****..]
Gold:   471        SH: 11    Dex: 16    Spells: 19/19 levels left

rFire    + . .     SeeInvis .   b - +4 flail (freeze)
rCold    . . .     Gourm    .   c - +0 shield
rNeg     . . .     Faith    .   D - +4 ring mail "Joafumemm" {rElec}
rPois    .         Spirit   .   (helmet restricted)
rElec    +         Reflect  .   t - +0 cloak
rCorr    .         Harm     .   k - +0 pair of gloves
MR       +....                  (no boots)
Stlth    ++........             P - amulet of regeneration
HPRegen  0.63/turn              (no ring)
MPRegen  0.16/turn              (no ring)

@: heavily drained
A: distributed training, fangs 1, horns 1, fire resistance 1, magic resistance
1, strong nose
a: Heroism, Renounce Religion


You were on level 9 of the Dungeon.
You worshipped Okawaru.
Okawaru was greatly pleased with you.
You were not hungry.

You visited 1 branch of the dungeon, and saw 9 of its levels.
You also visited: Ossuary.

You collected 471 gold pieces.

Inventory:

Hand Weapons
 a - a +0 war axe
 b - a +4 flail of freezing (weapon)
Missiles
 l - 207 stones (quivered)
 m - 13 boomerangs
 p - 51 poisoned darts
 y - 6 atropa-tipped darts
 E - 5 curare-tipped darts
 F - 7 throwing nets
Armour
 c - a +0 shield (worn)
 k - a +0 pair of gloves (worn)
 t - a +0 cloak (worn)
 u - a +2 leather armour of fire resistance
 D - the +4 ring mail "Joafumemm" (worn) {rElec}
   (You found it on level 5 of the Dungeon)

   It insulates you from electricity.
Jewellery
 I - an uncursed ring of fire
 O - an uncursed ring of fire
 P - an amulet of regeneration (around neck)
Wands
 j - a wand of acid (2)
 n - a wand of polymorph (15)
 v - a wand of iceblast (10)
 G - a wand of flame (13)
 Q - a wand of random effects (27)
Scrolls
 g - 12 scrolls of identify
 h - a scroll of amnesia
 o - a scroll of random uselessness {unknown}
 s - 2 scrolls of remove curse
 x - a scroll of summoning {unknown}
 A - a scroll of magic mapping {unknown}
 B - a scroll of fog {unknown}
 L - 2 scrolls of blinking {unknown}
 M - a scroll of enchant armour {unknown}
Potions
 d - 4 potions of might
 e - a potion of berserk rage
 i - a potion of mutation
 q - 6 potions of heal wounds
 r - 7 potions of curing
 w - 6 potions of flight {unknown}
 z - a potion of ambrosia {unknown}
 C - 3 potions of lignification
 H - 2 potions of magic {unknown}
 K - 2 potions of haste {unknown}
 R - 2 potions of agility {unknown}
Comestibles
 f - 22 rations
 J - 5 chunks of flesh


   Skills:
 + Level 8.6(7.1) Fighting
 + Level 5.4(4.0) Short Blades
 + Level 5.4(4.0) Long Blades
 + Level 7.2(5.7) Axes
 + Level 5.4(4.0) Maces & Flails
 + Level 5.4(4.0) Polearms
 + Level 5.4(4.0) Staves
 + Level 5.4(4.0) Slings
 + Level 5.4(4.0) Bows
 + Level 5.4(4.0) Crossbows
 + Level 5.4(4.0) Throwing
 + Level 8.6(7.1) Armour
 + Level 5.4(4.0) Dodging
 + Level 5.4(4.0) Stealth
 + Level 8.6(7.1) Shields
 + Level 5.4(4.0) Unarmed Combat
 + Level 5.4(4.0) Spellcasting
 + Level 4.5(3.1) Conjurations
 + Level 4.5(3.1) Hexes
 + Level 4.5(3.1) Charms
 + Level 4.5(3.1) Summonings
 + Level 4.5(3.1) Necromancy
 + Level 4.5(3.1) Translocations
 + Level 4.5(3.1) Transmutations
 + Level 4.5(3.1) Fire Magic
 + Level 4.5(3.1) Ice Magic
 + Level 4.5(3.1) Air Magic
 + Level 4.5(3.1) Earth Magic
 + Level 4.5(3.1) Poison Magic
 + Level 6.0(4.6) Invocations
 + Level 5.4(4.0) Evocations


You had 19 spell levels left.
You didn't know any spells.
Your spell library contained the following spells:

 Spells                   Type           Power        Failure   Level  Hunger
 Confusing Touch          Hex            #.....       28%         1    #......
 Confuse                  Hex            #.......     65%         3    ###....
 Gell's Gravitas          Tloc           #.........   65%         3    ###....
 Petrify                  Tmut/Erth      #.......     96%         4    #####..
 Metabolic Englaciation   Hex/Ice        #.........   100%        5    ######.
 Yara's Violent Unravell  Hex/Tmut       #.........   100%        5    ######.


Dungeon Overview and Level Annotations

Branches:
Dungeon (9/15)             Temple (0/1) D:4         Ossuary (visited)
   Lair: D:8-11         Orc: D:9-12

Altars:
Cheibriados
Dithmenos
Gozag
Nemelex Xobeh
Okawaru
Ru
Trog
Vehumet


Innate Abilities, Weirdness & Mutations

Your experience applies equally to all skills.
You have very sharp teeth.
Your uncanny sense of smell can sniff out nearby items.
You have a pair of small horns on your head.
Your flesh is heat resistant. (rF+)
You are resistant to hostile enchantments. (MR+)


Message History

The troll claws you but does no damage. The troll bites you but does no damage.
The troll claws you. The troll claws you but does no damage.
You closely miss the troll. You bite the troll, but do no damage.
The troll is almost dead.
You block the troll's attack. The troll claws you. The troll claws you!
* * * LOW HITPOINT WARNING * * *
You closely miss the troll.
You headbutt the troll, but do no damage.
The troll is almost dead.
You block the troll's attack. x2; The troll claws you but does no damage.
You hit the troll. You freeze the troll.
The troll is almost dead.
The troll bites you.
* * * LOW HITPOINT WARNING * * *
The troll claws you!
* * * LOW HITPOINT WARNING * * *
The troll claws you.
* * * LOW HITPOINT WARNING * * *
The troll bites you.
You die...

...###.# .
...#..#### ..
........# #W
.......# #.. ......#
#### ##...
.....####...##
#...:.#.##..........
........#@.......###
.#......T<.......#?#
#..##.#.........###
... ...#............
# #.#.#.........###
#.#.#.........# .
..)........## #.
#.#.........#
#...........#


You could see a troll.

Vanquished Creatures
  Harold (D:8)
  Pikel (D:5)
  Grinder (D:3)
  Prince Ribbit (D:5)
  Sigmund (D:3)
  Edmund (D:5)
  2 orc warriors
  2 black bears
  An ice beast (D:8)
  4 slaves (D:5)
  5 ogres
  A phantom (D:5)
  5 centaurs
  A gnoll sergeant (D:6)
  2 bullfrogs (D:8)
  5 water moccasin zombies (Ossuary)
  4 wights (D:7)
  A howler monkey (D:4)
  4 crimson imps
  2 centaur zombies
  4 orc priests
  9 orc wizards
  A bullfrog zombie (D:6)
  2 bullfrog skeletons
  Crazy Yiuf (D:3)
  4 hounds
  An iguana (D:4)
  Ijyb (D:5)
  Natasha (thrice) (D:3)
  9 worker ants
  A hound skeleton (D:6)
  2 mummies (Ossuary)
  6 gnolls
  9 adders
  2 shadow imps
  8 adder zombies (Ossuary)
  4 worms
  2 dart slugs
  5 leopard geckos
  30 orcs
  5 giant cockroaches
  2 gnoll zombies (Ossuary)
  7 goblins
  4 hobgoblins
  3 jackals (D:8)
  8 kobolds
  4 quokkas
  4 bats
  4 frilled lizards
  3 hobgoblin zombies
  6 kobold zombies (Ossuary)
  A leopard gecko zombie (D:8)
  2 orc zombies (Ossuary)
  2 rats
204 creatures vanquished.

Vanquished Creatures (others)
  Maurice (D:8)
1 creature vanquished.

Grand Total: 205 creatures vanquished

Notes
Turn   | Place    | Note
-------+----------+-------------------------------------------
     0 | D:1      | FishyPogo the Gnoll Fighter began the quest for the Orb.
     0 | D:1      | Reached XP level 1. HP: 23/23 MP: 1/1
   189 | D:1      | Reached XP level 2. HP: 29/29 MP: 2/2
   767 | D:2      | Reached XP level 3. HP: 35/35 MP: 3/3
   969 | D:2      | Reached skill level 1 in Invocations
  1103 | D:2      | Reached skill level 1 in Short Blades
  1103 | D:2      | Reached skill level 1 in Long Blades
  1103 | D:2      | Reached skill level 1 in Maces & Flails
  1103 | D:2      | Reached skill level 1 in Polearms
  1103 | D:2      | Reached skill level 1 in Staves
  1103 | D:2      | Reached skill level 1 in Slings
  1103 | D:2      | Reached skill level 1 in Bows
  1103 | D:2      | Reached skill level 1 in Crossbows
  1103 | D:2      | Reached skill level 1 in Throwing
  1103 | D:2      | Reached skill level 1 in Dodging
  1103 | D:2      | Reached skill level 1 in Stealth
  1103 | D:2      | Reached skill level 1 in Unarmed Combat
  1103 | D:2      | Reached skill level 1 in Spellcasting
  1103 | D:2      | Reached skill level 1 in Evocations
  1263 | D:3      | Noticed Natasha
  1269 | D:3      | Killed Natasha
  1269 | D:3      | Reached XP level 4. HP: 33/41 MP: 5/5
  1296 | D:3      | Noticed Grinder
  1304 | D:3      | Paralysed by Grinder for 5 turns
  1311 | D:3      | Gained mutation: Armour fits poorly on your strangely
                  | shaped body. [potion of mutation]
  1311 | D:3      | Gained mutation: Your flesh is heat resistant. (rF+)
                  | [potion of mutation]
  1311 | D:3      | Gained mutation: Your muscles are strong. (Str +2) [potion
                  | of mutation]
  1312 | D:3      | Paralysed by Grinder for 7 turns
  1315 | D:3      | Noticed Natasha
  1325 | D:3      | Killed Grinder
  1325 | D:3      | Reached skill level 1 in Conjurations
  1325 | D:3      | Reached skill level 1 in Hexes
  1325 | D:3      | Reached skill level 1 in Charms
  1325 | D:3      | Reached skill level 1 in Summonings
  1325 | D:3      | Reached skill level 1 in Necromancy
  1325 | D:3      | Reached skill level 1 in Translocations
  1325 | D:3      | Reached skill level 1 in Transmutations
  1325 | D:3      | Reached skill level 1 in Fire Magic
  1325 | D:3      | Reached skill level 1 in Ice Magic
  1325 | D:3      | Reached skill level 1 in Air Magic
  1325 | D:3      | Reached skill level 1 in Earth Magic
  1325 | D:3      | Reached skill level 1 in Poison Magic
  1325 | D:3      | Reached XP level 5. HP: 13/47 MP: 5/7
  1325 | D:3      | Reached XP level 6. HP: 15/53 MP: 5/8
  1325 | D:3      | Killed Natasha
  1325 | D:3      | Reached skill level 5 in Axes
  1564 | D:3      | Noticed Natasha
  1574 | D:3      | Killed Natasha
  1751 | D:3      | Noticed Sigmund
  1767 | D:3      | Killed Sigmund
  1767 | D:3      | Reached XP level 7. HP: 47/60 MP: 10/10
  1824 | D:3      | Found a runed translucent door.
  1825 | D:3      | Noticed Crazy Yiuf
  1833 | D:3      | Killed Crazy Yiuf
  1914 | D:3      | Found an iron altar of Okawaru.
  1917 | D:3      | Became a worshipper of Warmaster Okawaru
  2061 | D:4      | Lost mutation: Your muscles are strong. (Str +2) [potion of
                  | mutation]
  2061 | D:4      | Lost mutation: Armour fits poorly on your strangely shaped
                  | body. [potion of mutation]
  2061 | D:4      | Gained mutation: You are resistant to hostile enchantments.
                  | (MR+) [potion of mutation]
  2061 | D:4      | Gained mutation: You have a pair of small horns on your
                  | head. [potion of mutation]
  2356 | D:4      | Found a sacrificial altar of Ru.
  2441 | D:4      | Found a staircase to the Ecumenical Temple.
  2458 | D:4      | Reached XP level 8. HP: 48/67 MP: 12/12
  3053 | D:5      | Entered Level 5 of the Dungeon
  3053 | D:5      | Noticed Ijyb
  3067 | D:5      | Killed Ijyb
  3083 | D:5      | Found a bloodstained altar of Trog.
  3083 | D:5      | Noticed Edmund
  3093 | D:5      | Found a shadowy altar of Dithmenos.
  3094 | D:5      | Noticed Pikel
  3103 | D:5      | Noticed Prince Ribbit
  3126 | D:5      | Killed Prince Ribbit
  3151 | D:5      | Reached * piety under Okawaru
  3192 | D:5      | Found a sand-covered staircase.
  3204 | Ossuary  | Entered an ossuary
  3592 | D:5      | Killed Edmund
  3625 | D:5      | Got a smelly ring mail
  3636 | D:5      | Identified the +4 ring mail "Joafumemm" {rElec} (You found
                  | it on level 5 of the Dungeon)
  3713 | D:5      | Killed Pikel
  3713 | D:5      | Reached ** piety under Okawaru
  3713 | D:5      | Reached XP level 9. HP: 73/73 MP: 13/15
  3763 | D:5      | Found an opulent altar of Gozag.
  3836 | D:5      | Found a snail-covered altar of Cheibriados.
  4146 | D:6      | Found a radiant altar of Vehumet.
  4648 | D:7      | Reached skill level 5 in Invocations
  4805 | D:7      | Found a sparkling altar of Nemelex Xobeh.
  4885 | D:7      | Reached XP level 10. HP: 80/80 MP: 17/17
  5047 | D:7      | Reached *** piety under Okawaru
  5196 | D:8      | Noticed Harold
  5202 | D:8      | Killed Harold
  5202 | D:8      | Received a gift from Okawaru
  5202 | D:8      | Reached **** piety under Okawaru
  5202 | D:8      | Reached skill level 5 in Short Blades
  5202 | D:8      | Reached skill level 5 in Long Blades
  5202 | D:8      | Reached skill level 5 in Maces & Flails
  5202 | D:8      | Reached skill level 5 in Polearms
  5202 | D:8      | Reached skill level 5 in Staves
  5202 | D:8      | Reached skill level 5 in Slings
  5202 | D:8      | Reached skill level 5 in Bows
  5202 | D:8      | Reached skill level 5 in Crossbows
  5202 | D:8      | Reached skill level 5 in Throwing
  5202 | D:8      | Reached skill level 5 in Dodging
  5202 | D:8      | Reached skill level 5 in Stealth
  5202 | D:8      | Reached skill level 5 in Unarmed Combat
  5202 | D:8      | Reached skill level 5 in Spellcasting
  5202 | D:8      | Reached skill level 5 in Evocations
  5565 | D:8      | Found a radiant altar of Vehumet.
  5565 | D:8      | Noticed Maurice
  5595 | D:8      | Killed Maurice
  5696 | D:8      | Found an iron altar of Okawaru.
  6161 | D:9      | HP: 2/82 [troll (12)]
  6161 | D:9      | Slain by a troll

Levels and vault maps discovered:
D:1:      giann_horns, layout_loops_cross, minmay_misc_feat_diagonals
D:2:      layout_basic, first_ration, minmay_pentomino_v2
D:3:      layout_rooms, marbit_many_paths, serial_bayou_pond_d,
          minmay_quantized, uniq_grinder, uniq_natasha, uniq_crazy_yiuf_cottage,
          uniq_sigmund
D:4:      layout_layer_cave, nicolae_ru_the_path_less_chosen,
          minmay_temple_entry_drinking_statues,
          eino_small_chamber_without_monster, chequers_serial_rivers_small_a,
          kennysheep_minor_cross
D:5:      layout_cave_pools, chequers_temple_overflow_minitemple,
          grunt_temple_overflow_open, cheibrodos_worm_habitat, enter_ossuary_3,
          uniq_edmund, uniq_ijyb, uniq_pikel, uniq_prince_ribbit1
D:6:      layout_rooms, vehumet_altar_wand_db, serial_corexii_hall,
          corexii_hall_statues_x, corexii_hall_statues_l,
          corexii_hall_statues_u, corexii_hall_statues_i,
          chequers_hall_statues_wall_a, corexii_hall_statues_x
D:7:      layout_rooms, nemelex_altar_shiori
D:8:      layout_gridville, basic_altar, grunt_ogre_cave,
          okawaru_metal_pillars_1_2, uniq_maurice, uniq_harold
D:9:      layout_rooms, serial_glass, glass_columns_a, glass_columns_b,
          item_on_display_a, minmay_strange_pillars, item_on_display_a,
          minmay_misc_feat_x

Skill      XL: |  1  2  3  4  5  6  7  8  9 10 |
---------------+-------------------------------+-----
Invocations    | 1 2 3 4 5 6 |  6.0
Short Blades   | 1 2 4 5 |  5.4
Long Blades    | 1 2 4 5 |  5.4
Maces & Flails | 1 2 4 5 |  5.4
Polearms       | 1 2 4 5 |  5.4
Staves         | 1 2 4 5 |  5.4
Slings         | 1 2 4 5 |  5.4
Bows           | 1 2 4 5 |  5.4
Crossbows      | 1 2 4 5 |  5.4
Throwing       | 1 2 4 5 |  5.4
Dodging        | 1 2 4 5 |  5.4
Stealth        | 1 2 4 5 |  5.4
Unarmed Combat | 1 2 4 5 |  5.4
Spellcasting   | 1 2 4 5 |  5.4
Evocations     | 1 2 4 5 |  5.4
Conjurations   | 1 2 3 4 |  4.5
Hexes          | 1 2 3 4 |  4.5
Charms         | 1 2 3 4 |  4.5
Summonings     | 1 2 3 4 |  4.5
Necromancy     | 1 2 3 4 |  4.5
Translocations | 1 2 3 4 |  4.5
Transmutations | 1 2 3 4 |  4.5
Fire Magic     | 1 2 3 4 |  4.5
Ice Magic      | 1 2 3 4 |  4.5
Air Magic      | 1 2 3 4 |  4.5
Earth Magic    | 1 2 3 4 |  4.5
Poison Magic   | 1 2 3 4 |  4.5
Axes           | 5 6 7 |  7.2
Fighting       | 7 8 |  8.6
Armour         | 7 8 |  8.6
Shields        | 7 8 |  8.6

Action                   |  1- 3 |  4- 6 |  7- 9 | 10-12 || total
-------------------------+-------+-------+-------+-------++-------
Melee: War axe           |    61 |    75 |   348 |    15 ||   499
       Bite              |     6 |     8 |    53 |    11 ||    78
       Headbutt          |       |       |    78 |    27 ||   105
       Flail             |       |       |    13 |   122 ||   135
Throw: Stone             |       |     4 |    12 |     9 ||    25
       Dart              |       |       |     8 |       ||     8
       Boomerang         |       |       |     7 |       ||     7
  Use: Potion            |       |     4 |     1 |       ||     5
       Scroll            |       |       |     9 |       ||     9
 Stab: Sleeping          |       |       |     4 |     1 ||     5
  Eat: Chunk             |     1 |     2 |    11 |     4 ||    18
Armor: Scale mail        |    20 |    19 |     7 |       ||    46
       Skin              |       |     6 |       |       ||     6
       Leather armour    |       |       |    39 |       ||    39
       Ring mail         |       |       |    42 |    35 ||    77
Dodge: Dodged            |    31 |    19 |   131 |    61 ||   242
Block: Shield            |    30 |    37 |   174 |   110 ||   351
